 Dungeon Crawl Stone Soup version 0.27-a0-951-gae3e1deef5 (webtiles) character file.

Game seed: 2630752476459957733

15802 polve the Slicer (level 12, -1/94 HPs)
             Began as a Demonspawn Abyssal Knight on Apr 11, 2021.
             Was an Elder of Lugonu.
             Killed from afar by a deep troll earth mage (21 damage)
             ... with a blast of rock fragments
             ... on level 13 of the Dungeon.
             The game lasted 00:24:21 (16491 turns).

polve the Slicer (Demonspawn Abyssal Knight)       Turns: 16491, Time: 00:24:22

Health: -1/94      AC: 17    Str: 18    XL:     12   Next: 4%
Magic:  0/21       EV: 14    Int: 19    God:    Lugonu [****..]
Gold:   781        SH:  0    Dex: 13    Spells: 11/11 levels left

rFire    . . .     SeeInvis +   b - +1 dagger (venom)
rCold    . . .     Faith    .   (no shield)
rNeg     + . .     Spirit   +   Q - +0 acid dragon scales
rPois    .         Reflect  .   (helmet restricted)
rElec    .         Harm     .   A - +2 cloak
rCorr    +         Rampage  .   y - +0 pair of gloves
Will     .....     Clarity  +   c - +0 pair of boots
Stlth    +.........             N - amulet of guardian spirit
HPRegen  0.25/turn              D - +6 ring of intelligence
MPRegen  0.34/turn              L - ring of positive energy

@: no status effects
A: horns 1, molten scales 2, powered by death 2, magic regeneration, claws 1,
see invisible, clarity, high mp 1
a: Renounce Religion, Depart the Abyss, Bend Space, Banish, Corrupt


You were on level 13 of the Dungeon.
You worshipped Lugonu.
Lugonu was greatly pleased with you.
You visited 1 branch of the dungeon, and saw 14 of its levels.
You visited the Abyss 2 times.
You also visited: Ossuary.

You collected 833 gold pieces.
You spent 52 gold pieces at shops.

Inventory:

Hand Weapons
 a - a +0 rapier
 b - a +1 dagger of venom (weapon)
Missiles
 O - 4 boomerangs of dispersal
Armour
 c - a +0 pair of boots (worn)
 e - the +1 scale mail of Kaacwy {rC+}
   (You found it on level 2 of the Abyss)

   It protects you from cold.
 y - a +0 pair of gloves (worn)
 A - a +2 cloak (worn)
 Q - +0 acid dragon scales (worn)
Jewellery
 u - an amulet of magic regeneration
 D - a +6 ring of intelligence (left hand)
 L - a ring of positive energy (right hand)
 M - an amulet of the acrobat
 N - an amulet of guardian spirit (around neck)
Wands
 o - a wand of acid (21)
 F - a wand of digging (5)
 I - a wand of flame (54)
 P - a wand of charming (6)
 R - a wand of mindburst (11)
Scrolls
 d - 4 scrolls of enchant armour {unknown}
 f - 3 scrolls of acquirement {unknown}
 h - 2 scrolls of vulnerability {unknown}
 j - a scroll of holy word {unknown}
 m - 2 scrolls of summoning {unknown}
 n - a scroll of fear
 p - 5 scrolls of identify {unknown}
 r - 2 scrolls of silence {unknown}
 t - 2 scrolls of enchant weapon {unknown}
 w - 2 scrolls of amnesia {unknown}
 x - 2 scrolls of fog {unknown}
 B - 6 scrolls of teleportation {unknown}
 E - a scroll of magic mapping {unknown}
 G - 3 scrolls of immolation {unknown}
 H - 3 scrolls of noise {unknown}
Potions
 g - 2 potions of heal wounds {unknown}
 i - a potion of mutation
 k - 3 potions of haste {unknown}
 l - a potion of curing
 q - 3 potions of attraction
 s - 4 potions of lignification
 v - 4 potions of ambrosia {unknown}
 z - 2 potions of flight
 J - 2 potions of invisibility {unknown}
 K - a potion of brilliance


   Skills:
 + Level 8.7 Fighting
 * Level 10.9 Short Blades
 - Level 8.2 Armour
 - Level 7.0 Dodging
 - Level 10.0 Invocations


You had 11 spell levels left.
You didn't know any spells.
Your spell library contained the following spells:

 Spells                   Type           Power      Damage    Failure   Level
 Animate Skeleton         Necr           0%         N/A       26%         1
 Pain                     Necr           0%         1d4       26%         1
 Summon Small Mammal      Summ           0%         N/A       26%         1
 Call Imp                 Summ           0%         N/A       36%         2
 Poisonous Vapours        Pois/Air       0%         N/A       36%         2
 Call Canine Familiar     Summ           0%         N/A       61%         3
 Confusing Touch          Hex            0%         N/A       61%         3
 Conjure Flame            Conj/Fire      0%         6-21      61%         3
 Gell's Gravitas          Tloc           0%         N/A       61%         3
 Mephitic Cloud           Conj/Pois/Air  0%         N/A       61%         3
 Summon Guardian Golem    Hex/Summ       0%         N/A       61%         3
 Vampiric Draining        Necr           0%         2d6       61%         3
 Animate Dead             Necr           0%         N/A       95%         4
 Petrify                  Tmut/Erth      0%         N/A       95%         4
 Summon Ice Beast         Ice/Summ       0%         N/A       95%         4
 Summon Lightning Spire   Summ/Air       0%         N/A       95%         4
 Agony                    Necr           0%         N/A       100%        5
 Metabolic Englaciation   Hex/Ice        0%         N/A       100%        5
 Yara's Violent Unravell  Hex/Tmut       0%         3d3       100%        5
 Freezing Cloud           Conj/Ice/Air   0%         6-21      100%        6


Dungeon Overview and Level Annotations

Branches:
Dungeon (14/15)            Temple (0/1) D:7            Lair (0/6) D:8
    Orc (0/2) D:10        Ossuary (visited)
 Vaults: D:13-14

Altars:
Dithmenos

Shops:
D:2 *   D:6 *

Annotations:
D:10 3 runed translucent doors, Verendum's ghost, journeyman VSFi


Innate Abilities, Weirdness & Mutations

You have a pair of small horns on your head.
You are mostly covered in molten scales. (AC +3)
You regenerate health from kills.
You regenerate magic rapidly.
You have sharp fingernails.
You have supernaturally acute eyesight. (SInv)
You possess an exceptional clarity of mind.
You have an increased reservoir of magic. (+10% MP)


Message History

The vampire mosquito closely misses you.
As you open the door, it creaks loudly!
The vampire mosquito bites you but does no damage.
Found a scroll labelled CON XANIEFFUMY and 11 bolts.
Found a stone staircase leading up.
The vampire mosquito bites you.
The vampire mosquito draws strength from your injuries!
There is an open door here.
The vampire mosquito bites you but does no damage.
The vampire mosquito bites you! The vampire mosquito bites you.
The vampire mosquito draws strength from your injuries!
The vampire mosquito bites you but does no damage.
There is a stone staircase leading up here.
The vampire mosquito bites you.
* * * LOW HITPOINT WARNING * * *
The vampire mosquito draws strength from your injuries!
The vampire mosquito completely misses you.
You climb upwards.
The deep troll earth mage shouts!
There is a stone staircase leading down here.
Space bends around you!
You blink.
The deep troll earth mage completely misses you.
The deep troll earth mage claws you.
* * * LOW HITPOINT WARNING * * *
The deep troll earth mage claws you but does no damage.
Space bends around you!
You blink.
Okay, then.
Aiming: Corrosive Bolt
Press: ? - help, Shift-Dir - straight line, f - deep troll earth mage
Aim: a deep troll earth mage (29% to evade)
The bolt of acid hits the deep troll earth mage.
The deep troll earth mage is splashed with acid.
The deep troll earth mage is lightly wounded.
The bolt of acid hits the vampire mosquito!
The vampire mosquito is splashed with acid.
The acid corrodes the vampire mosquito!
The vampire mosquito is heavily damaged.
The deep troll earth mage gestures at you while chanting.
The statue shatters!
The blast of rock fragments hits you!!
You die...

# ##### #####
.8#8#8#8#8#8#8..##
.......@.Ty....>.#
.8#8#8#8#8#8#8..##
# ##### #####


You could see a deep troll earth mage and a vampire mosquito (corroded).

Vanquished Creatures
  The ghost of Lanoc the Spear-Bearer, a journeyman MfDe of Nemelex Xobeh (D:11)
  Erolcha (D:11)
  A boulder beetle (D:14)
  Pikel (D:6)
  An unseen horror (D:11)
  3 trolls (D:11)
  Prince Ribbit (D:5)
  A shadow (D:9)
  A wraith (D:10)
  2 basilisks (D:8)
  2 wyverns (D:8)
  14 yaks
  Grum (D:11)
  Eustachio (D:6)
  2 steam dragons
  Menkaure (D:4)
  3 acid dragons
  A water moccasin (D:6)
  7 orc warriors
  2 ice beasts
  2 sky beasts
  2 ogres
  3 wolves (D:11)
  9 centaurs
  2 lemures (D:6)
  A bullfrog (D:7)
  7 scorpions
  A wyvern zombie (D:9)
  3 gnoll sergeants
  A water moccasin skeleton (D:5)
  6 killer bees
  5 wights
  6 electric eels (D:9)
  4 centaur zombies
  2 human zombies (Ossuary)
  5 orc priests
  5 hounds
  2 scorpion zombies (Ossuary)
  5 iguanas
  10 orc wizards
  3 mummies (Ossuary)
  21 gnolls
  5 adders
  2 howler monkey skeletons
  2 white imps
  An ufetubus (D:5)
  4 worms
  A dart slug (D:4)
  47 orcs
  9 bats
  8 endoplasms
  5 giant cockroaches
  6 goblins
  5 hobgoblins
  9 jackals
  9 quokkas
  3 ball pythons
  6 frilled lizards
  2 gnoll zombies (Ossuary)
  4 goblin zombies
  A hobgoblin zombie (Ossuary)
  5 kobolds
  2 kobold zombies (Ossuary)
  2 orc zombies (Ossuary)
  A quokka zombie (D:4)
  6 rats
297 creatures vanquished.

Vanquished Creatures (others)
  A swamp drake (D:8)
  2 scorpions (Ossuary)
  A hobgoblin zombie (Ossuary)
  10 plants
14 creatures vanquished.

Grand Total: 311 creatures vanquished

Notes
Turn   | Place    | Note
-------+----------+-------------------------------------------
     0 | Abyss:1  | polve the Demonspawn Abyssal Knight began the quest for the
                  | Orb.
     0 | Abyss:1  | Reached XP level 1. HP: 18/18 MP: 2/2
    47 | Abyss:2  | Identified the +1 scale mail of Kaacwy {rC+}
    57 | Abyss:2  | Noticed a small abomination
    81 | Abyss:2  | Noticed a quasit
    84 | D:1      | Escaped the Abyss
   417 | D:1      | Gained mutation: You regenerate a little health from kills.
                  | [demonic ancestry]
   417 | D:1      | Reached XP level 2. HP: 22/24 MP: 3/3
   499 | D:1      | Reached * piety under Lugonu
   668 | D:1      | Reached XP level 3. HP: 28/29 MP: 4/4
  1029 | D:2      | Found a faded altar of an unknown god.
  1327 | D:2      | Found Ekeumen's Assorted Antiques.
  1333 | D:2      | Bought a murky purple potion for 26 gold pieces
  1333 | D:2      | Bought a fuming pink potion for 26 gold pieces
  1379 | D:2      | Gained mutation: You are partially covered in molten
                  | scales. (AC +2) [demonic ancestry]
  1379 | D:2      | Reached XP level 4. HP: 8/35 MP: 5/5
  1837 | D:2      | Reached ** piety under Lugonu
  3416 | D:3      | Gained mutation: You regenerate magic rapidly. [demonic
                  | ancestry]
  3416 | D:3      | Reached XP level 5. HP: 40/41 MP: 6/6
  3925 | D:3      | Gained mutation: You have supernaturally acute eyesight.
                  | (SInv) [potion of mutation]
  3925 | D:3      | Gained mutation: You have an increased reservoir of magic.
                  | (+10% MP) [potion of mutation]
  3925 | D:3      | Gained mutation: You possess an exceptional clarity of
                  | mind. [potion of mutation]
  3925 | D:3      | Gained mutation: You have sharp fingernails. [potion of
                  | mutation]
  3939 | D:3      | Reached skill level 5 in Short Blades
  4224 | D:4      | Found a sand-covered staircase.
  4233 | Ossuary  | Entered an ossuary
  4458 | Ossuary  | Gained mutation: You have a pair of small horns on your
                  | head. [demonic ancestry]
  4458 | Ossuary  | Reached XP level 6. HP: 34/47 MP: 8/8
  4934 | Ossuary  | Reached XP level 7. HP: 29/54 MP: 9/9
  5353 | Ossuary  | Reached *** piety under Lugonu
  5589 | D:4      | Noticed Menkaure
  5596 | D:4      | Killed Menkaure
  5597 | D:4      | Reached skill level 5 in Fighting
  6237 | D:4      | Reached skill level 5 in Invocations
  6237 | D:4      | Gained mutation: You are mostly covered in molten scales.
                  | (AC +3) [demonic ancestry]
  6237 | D:4      | Reached XP level 8. HP: 55/62 MP: 13/13
  6353 | D:5      | Entered Level 5 of the Dungeon
  8254 | D:6      | Noticed Eustachio
  8272 | D:6      | Reached **** piety under Lugonu
  8392 | D:6      | Noticed Prince Ribbit
  8412 | D:5      | Killed Prince Ribbit
  8413 | D:5      | Reached skill level 10 in Invocations
  8593 | D:6      | Gained mutation: You regenerate health from kills. [demonic
                  | ancestry]
  8593 | D:6      | Reached XP level 9. HP: 68/68 MP: 18/18
  8795 | D:6      | Killed Eustachio
  8937 | D:6      | Found Plog's General Store.
  9309 | D:7      | Found a staircase to the Ecumenical Temple.
  9362 | D:7      | Noticed a rust devil
  9367 | D:7      | Noticed Pikel
  9496 | D:6      | Killed Pikel
  9630 | D:7      | Noticed an angel
 10826 | D:8      | Reached XP level 10. HP: 77/79 MP: 19/19
 11488 | D:8      | Found a shadowy altar of Dithmenos.
 12123 | D:8      | Reached skill level 10 in Short Blades
 12186 | D:8      | Reached skill level 1 in Dodging
 12583 | D:8      | Found a staircase to the Lair.
 12727 | D:9      | Reached skill level 5 in Armour
 13416 | D:10     | Entered Level 10 of the Dungeon
 13440 | D:10     | Reached ***** piety under Lugonu
 13778 | D:10     | Found a runed translucent gate.
 13778 | D:10     | Found a runed translucent gate.
 13778 | D:10     | Found a runed translucent gate.
 13799 | D:10     | Reached XP level 11. HP: 72/86 MP: 17/20
 13868 | D:10     | Reached skill level 5 in Dodging
 14069 | D:10     | Found a staircase to the Orcish Mines.
 14143 | D:10     | Noticed a two-headed ogre
 14145 | D:10     | Banished a two-headed ogre
 14235 | D:10     | Noticed Verendum's ghost (journeyman VSFi)
 14623 | D:11     | Noticed a two-headed ogre
 14652 | D:11     | Banished a two-headed ogre
 14739 | D:11     | Noticed a purple ugly thing
 14740 | D:11     | Banished a purple ugly thing
 14874 | D:11     | Noticed a two-headed ogre
 14923 | D:11     | Banished a two-headed ogre
 15153 | D:11     | Noticed Erolcha
 15162 | D:11     | Cast into level 1 of the Abyss (Erolcha)
 15163 | D:11     | Escaped the Abyss
 15201 | D:11     | Killed Erolcha
 15400 | D:11     | Noticed Grum
 15452 | D:11     | Killed Grum
 15660 | D:11     | Noticed Lanoc's ghost (journeyman MfDe)
 15735 | D:11     | Found a runed translucent door.
 16044 | D:11     | Killed Lanoc's ghost
 16233 | D:12     | Noticed an eight-headed hydra
 16238 | D:12     | Banished an eight-headed hydra
 16348 | D:12     | You fall into a shaft and drop 2 floors!
 16349 | D:14     | Noticed a boulder beetle
 16391 | D:14     | Killed a boulder beetle
 16392 | D:14     | Reached XP level 12. HP: 80/94 MP: 18/21
 16486 | D:13     | Noticed a deep troll earth mage
 16491 | D:13     | Killed from afar by a deep troll earth mage

Illustrated notes

Levels and vault maps discovered:
D:1:      amcnicky_arrival_underground_garden, layout_basic,
          wander_ebering_terrifying_dragon_lair
D:2:      wad_woods_tower, layout_basic, serial_corexii_hall,
          chequers_hall_statues_corner_a, corexii_hall_statues_deadend,
          serial_shops, nicolae_shop_crystal,
          hellmonk_ecumenical_altar_crossroads, chequers_big_river,
          minmay_misc_feat_tower
D:3:      layout_loops_corners
D:4:      layout_gridville, gup_sewer_entry_spiral, enter_ossuary_4,
          uniq_menkaure
D:5:      layout_loops_corners
D:6:      layout_loops_ring, serial_shops, nicolae_shop_stone,
          minmay_misc_feat_room, uniq_prince_ribbit1, uniq_eustachio
D:7:      layout_rooms, temple_garden, serial_shops, kennysheep_mini,
          centaur_isle, uniq_pikel
D:8:      layout_rooms, nicolae_dithmenos_through_a_glass_darkly,
          erik_lair_dragon
D:9:      layout_basic, kennysheep_boxes
D:10:     layout_roguey, hiddenorc1_lemuel, gammafunk_ghost_icy
D:11:     layout_long_grid, hellmonk_ghost_happy_afterlife, uniq_grum,
          uniq_erolcha
D:12:     layout_loops_ring, gauntlet_entry_generic, uniq_sonja
D:13:     kennysheep_funnel, layout_layer_cave
D:14:     layout_roguey, grunt_vaults_entry_tiered, chequers_decorated_corner,
          uniq_josephine, uniq_snorg

Skill      XL: |  1  2  3  4  5  6  7  8  9 10 11 |
---------------+----------------------------------+-----
Short Blades   | 2 3 4 6 9 10 | 10.9
Armour         | 3 4 6 8 |  8.2
Fighting       | 4 5 7 8 |  8.7
Invocations    | 5 10 | 10.0
Dodging        | 4 7 |  7.0

Action                   |  1- 3 |  4- 6 |  7- 9 | 10-12 || total
-------------------------+-------+-------+-------+-------++-------
Melee: Short sword       |   135 |   297 |   337 |       ||   769
       Headbutt          |       |    18 |   131 |   197 ||   346
       Unarmed           |       |       |     8 |       ||     8
       Dagger            |       |       |   240 |   733 ||   973
       Rapier            |       |       |    99 |    94 ||   193
Invok: Depart the Abyss  |     1 |       |       |     1 ||     2
       Banish            |       |       |       |    11 ||    11
       Bend Space        |       |       |       |     7 ||     7
Evoke: Wand              |       |       |       |     8 ||     8
  Use: Potion            |     2 |     5 |     5 |     5 ||    17
       Scroll            |       |       |       |     1 ||     1
Armor: Scale mail        |    78 |   138 |   279 |   147 ||   642
       Skin              |       |       |    10 |       ||    10
       Acid dragon scale |       |       |       |   141 ||   141
Dodge: Dodged            |    72 |   111 |   241 |   402 ||   826

Table legend: (Time is in decaauts)
 A = Elapsed time spent in this place.
 B = Non-inter-level travel time spent in this place.
 C = Inter-level travel time spent in this place.
 D = Time resting spent in this place.
 E = Time spent auto-exploring this place.
 F = Levels seen in this place.
 G = Mean time per level.
                   A        B        C        D        E       F      G
               +--------+--------+--------+--------+--------+-----+--------+
         Total |  15949 |  15474 |    475 |    367 |  11926 |  18 |  886.1 |
       Dungeon |  14674 |  14199 |    475 |    367 |  11008 |  14 | 1048.1 |
         Abyss |     84 |     84 |      0 |      0 |     36 |   3 |   28.0 |
       Ossuary |   1191 |   1191 |      0 |      0 |    882 |   1 | 1191.0 |
               +--------+--------+--------+--------+--------+-----+--------+

Top non-repeatable levels by time:
     D:5: 2017 daAuts
     D:7: 1668 daAuts
    D:11: 1655 daAuts
     D:2: 1653 daAuts
     D:8: 1534 daAuts
     D:1: 1413 daAuts
 Ossuary: 1191 daAuts
     D:3: 1109 daAuts
    D:10: 916 daAuts
     D:6: 882 daAuts
     D:4: 866 daAuts
     D:9: 686 daAuts
    D:12: 136 daAuts
    D:14: 128 daAuts
 Abyss:2: 52 daAuts
